 Dungeon Crawl Stone Soup version 0.31.0-1-g2c135a0 (webtiles) character file.

Game seed: 4338542686825061014

1969 jagoly the Cleaver (level 9, -2/55 HPs)
             Began as a Gargoyle Monk on Jan 28, 2024.
             Was a Priest of the Shining One.
             Killed from afar by a steam dragon (27 damage)
             ... with a ball of steam
             ... on level 7 of the Dungeon.
             The game lasted 00:20:29 (2349 turns).

jagoly the Cleaver (Gargoyle Monk)                  Turns: 2349, Time: 00:20:30

Health: -2/55      AC: 23    Str: 24    XL:     9   Next: 20%
Magic:  9/9        EV: 12    Int: 12    God:    the Shining One [***...]
Gold:   307        SH:  5    Dex: 12    Spells: 8/8 levels left

rFire   . . .        b - +1 mace (protect)
rCold   . . .        d - orb {light}
rNeg    + + .        t - +3 leather armour
rPois   ∞            x - +2 hat
rElec   +            (no cloak)
rCorr   .            q - +0 pair of gloves
SInv    .            (no boots)
Will    .....        r - amulet of reflection
Stlth   +            y - +6 ring of strength
HPRegen 0.29/turn    z - ring of flight
MPRegen 0.11/turn

%: reflection
@: under a protective aura, flying, glowing
A: sickness immunity, AC +6, negative energy resistance 1, electricity
resistance, torment resistance 1, petrification resistance
a: Renounce Religion, Divine Shield, Cleansing Flame


You were on level 7 of the Dungeon.
You worshipped the Shining One.
The Shining One was most pleased with you.
You visited 1 branch of the dungeon, and saw 8 of its levels.

You collected 307 gold pieces.

Inventory:

Hand Weapons
 a - a +3 hand axe
 b - a +1 mace of protection (weapon)
 j - a +0 spear
 w - a +0 orcbow
 B - a +0 trident
 D - a +0 war axe
Missiles
 e - 4 curare-tipped darts
 g - 19 stones (quivered)
 h - 4 atropa-tipped darts
 A - 2 javelins
 J - 5 poisoned darts
Armour
 d - an orb of light (worn)
 q - a +0 pair of gloves (worn)
 t - a +3 leather armour (worn)
 x - a +2 hat (worn)
 E - a +0 chain mail
Jewellery
 r - an amulet of reflection (around neck)
 y - a +6 ring of strength (left hand)
 z - a ring of flight (right hand)
 I - a ring of ice
Wands
 C - a wand of flame (20)
 F - a wand of mindburst (14)
Scrolls
 c - a scroll of noise {unknown}
 f - 2 scrolls of amnesia
 l - a scroll of enchant armour {unknown}
 o - a scroll of fear {unknown}
 s - 2 scrolls of enchant weapon
 u - a scroll of immolation {unknown}
 v - 2 scrolls of teleportation
 H - 2 scrolls of vulnerability {unknown}
Potions
 k - 2 potions of might {unknown}
 m - 5 potions of attraction
 n - 2 potions of curing {unknown}
 p - a potion of magic {unknown}
 G - a potion of cancellation {unknown}


   Skills:
 + Level 6.2 Fighting
 * Level 8.7 Axes
 * Level 1.6 Throwing
 + Level 4.3 Armour
 + Level 3.2 Dodging
 - Level 2.0 Stealth


You had 8 spell levels left.
You didn't know any spells.
Your spell library contained the following spells:

 Spells                   Type           Power      Damage    Failure   Level
 Call Canine Familiar     Summ           0%         N/A       73%         3
 Sigil of Binding         Hex            0%         N/A       73%         3
 Dimensional Bullseye     Hex/Tloc       0%         N/A       98%         4
 Leda's Liquefaction      Alch/Erth      0%         N/A       98%         4
 Lee's Rapid Deconstruct  Erth           0%         3d4*      100%        5
 Bombard                  Conj/Erth      0%         9d1       100%        6


Dungeon Overview and Level Annotations

Branches:
Dungeon (8/15) Zot: 26983  Temple (0/1) D:4
   Lair: D:8-11

Altars:
Nemelex Xobeh
Okawaru
Yredelemnul
The Shining One

Annotations:
D:8 Pikel


Innate Abilities, Weirdness & Mutations

You are immune to sickness and miasma.
Your stone body is resilient. (AC +6)
You are immune to poison.
You resist negative energy. (rN+)
You are resistant to electric shocks. (rElec)
You are resistant to unholy torment.
You are immune to petrification.


Message History

Your attacks no longer feel as feeble.
The gnoll closely misses you. The gnoll hits you but does no damage.
You barely miss the gnoll.
The gnoll is heavily wounded.
Grinder shouts!
The gnoll hits you but does no damage.
Grinder zaps a wand.
The puff of flame hits you but does no damage.
You sock the gnoll!
You kill the gnoll!
Grinder zaps a wand.
The puff of flame misses you.
Grinder zaps a wand.
The puff of flame misses you. Grinder gestures at you.
You suddenly lose the ability to move!
Grinder zaps a wand.
The puff of flame hits you.
You can move again.
Unknown command.
Unknown command.
You hit Grinder.
Your weapon exudes an aura of protection.
Grinder is lightly wounded.
Grinder blinks!
Grinder barely misses you.
You hit Grinder.
Your weapon exudes an aura of protection.
Grinder is lightly wounded.
Grinder hits you but does no damage.
You sock Grinder!
Grinder is moderately wounded.
Grinder says, "Don't move a muscle."
Grinder zaps a wand.
The puff of flame hits you but does no damage.
You hit Grinder but do no damage.
Grinder is moderately wounded.
Grinder hits you.
Grinder zaps a wand.
The puff of flame hits you!
You hit Grinder but do no damage.
Grinder is moderately wounded.
Grinder hits you.
You hit Grinder.
Grinder is heavily wounded.
Grinder hits you but does no damage.
You hit Grinder but do no damage.
Grinder is heavily wounded.
Grinder closely misses you.
You barely miss Grinder.
Grinder is heavily wounded.
Grinder hits you but does no damage.
You sock Grinder!
Grinder is severely wounded.
Grinder zaps a wand.
The puff of flame hits you!
You sock Grinder!
Grinder is almost dead.
Grinder zaps a wand.
The puff of flame hits you!
* * * LOW HITPOINT WARNING * * *
You are too injured to fight recklessly!
Hit: b) +1 mace (protect)
Press: ? - help, Dir - move target, f - Grinder
Aim: Grinder, carrying a wand of flame (almost dead, haloed, about 22% to evade your +1 mace of protection)
You closely miss Grinder.
Grinder is almost dead.
Grinder hits you but does no damage. x2
Hit: b) +1 mace (protect)
Press: ? - help, Dir - move target, f/p - Grinder
Aim: Grinder, carrying a wand of flame (almost dead, haloed, about 22% to evade your +1 mace of protection)
You hit Grinder.
You kill Grinder!
The Shining One accepts your kill.
You feel better.
Your Axes skill increases to level 8!
C - a wand of flame (20)
There is a stone staircase leading down here.
You fly downwards.
Found a dark potion.
There is a stone staircase leading up here.
m - 5 dark potions (gained 1)
A water moccasin comes into view.
The water moccasin hisses angrily.
You hit the water moccasin.
Your weapon exudes an aura of protection.
The water moccasin is lightly wounded.
The water moccasin closely misses you.
The water moccasin bites you but does no damage.
You barely miss the water moccasin.
The water moccasin is lightly wounded.
The water moccasin bites you but does no damage.
You sock the water moccasin!
The water moccasin is heavily wounded.
The water moccasin bites you but does no damage. x2
You closely miss the water moccasin.
The water moccasin is heavily wounded.
The water moccasin bites you.
You closely miss the water moccasin.
The water moccasin is heavily wounded.
The water moccasin barely misses you. The water moccasin misses you.
You hit the water moccasin.
The water moccasin is heavily wounded.
The water moccasin bites you.
The water moccasin bites you but does no damage.
You barely miss the water moccasin.
The water moccasin is heavily wounded.
The water moccasin bites you.
You sock the water moccasin!
The water moccasin is almost dead.
The water moccasin misses you. The water moccasin bites you.
You closely miss the water moccasin.
The water moccasin is almost dead.
The water moccasin closely misses you.
You hit the water moccasin.
You kill the water moccasin!
No target in view!
No target in view!
You see here a water moccasin corpse.
A bombardier beetle comes into view.
You hit the bombardier beetle.
Your weapon exudes an aura of protection.
The bombardier beetle is lightly wounded.
You hit the bombardier beetle but do no damage.
The bombardier beetle is lightly wounded.
The bombardier beetle misses you.
You sock the bombardier beetle!
The bombardier beetle is heavily wounded.
The bombardier beetle bites you but does no damage.
You hit the bombardier beetle.
The bombardier beetle is heavily wounded.
You sock the bombardier beetle!
You kill the bombardier beetle!
You have reached level 9!
Your experience leads to an increase in your attributes!
Your base attributes are Str 16, Int 12, Dex 12.
Increase (S)trength, (I)ntelligence, or (D)exterity?
You feel stronger. x2
You can now channel blasts of cleansing flame.
A hound comes into view.
The hound barks!
A hound is nearby!
You hit the hound.
Your weapon exudes an aura of protection.
The hound is lightly wounded.
The hound misses you. The hound bites you but does no damage.
You barely miss the hound. The hound misses you.
The hound completely misses you.
You hit the hound.
The hound is moderately wounded.
The hound closely misses you.
You hit the hound but do no damage.
The hound is moderately wounded.
The hound bites you but does no damage. x2
You barely miss the hound.
The hound is moderately wounded.
The hound bites you but does no damage. x2
You hit the hound.
The hound is heavily wounded.
The hound completely misses you.
You closely miss the hound.
The hound is heavily wounded.
The hound bites you but does no damage. The hound misses you.
You closely miss the hound.
The hound is heavily wounded.
The hound bites you but does no damage. x2
You hit the hound.
The hound is severely wounded.
The hound closely misses you.
You hit the hound.
The hound is almost dead.
The hound bites you but does no damage. x2
You hit the hound.
You kill the hound!
No target in view!
A howler monkey comes into view.
The howler monkey hoots and howls with incredible vigour!
The howler monkey hits you but does no damage.
You thump the howler monkey!
Your weapon exudes an aura of protection.
The howler monkey is heavily wounded.
The howler monkey hits you.
You hit the howler monkey.
The howler monkey is severely wounded.
The howler monkey hits you but does no damage. x2
You hit the howler monkey.
The howler monkey is severely wounded.
The howler monkey barely misses you.
You sock the howler monkey!
You kill the howler monkey!
No target in view!
You see here a howler monkey corpse.
The orc shouts!
The orc hits you with a +0 war axe.
You hit the orc.
Your weapon exudes an aura of protection.
The orc is heavily wounded.
The orc hits you but does no damage.
You hit the orc but do no damage.
The orc is heavily wounded.
The orc hits you but does no damage.
You thump the orc!
You kill the orc!
No target in view!
No target in view!
Things that are here:
a +0 war axe; a +0 leather armour; an orc corpse
D - a +0 war axe
There is a stone staircase leading down here.
You fly downwards.
Found 8 gold pieces.
There is a stone staircase leading up here.
A bullfrog comes into view.
You hit the bullfrog.
Your weapon exudes an aura of protection.
The bullfrog is lightly wounded.
The bullfrog closely misses you.
The bullfrog hits you but does no damage.
You barely miss the bullfrog.
The bullfrog is lightly wounded.
The bullfrog barely misses you.
The bullfrog hits you but does no damage.
You sock the bullfrog!
The bullfrog is heavily wounded.
The bullfrog hits you but does no damage.
The bullfrog barely misses you.
You barely miss the bullfrog.
The bullfrog is heavily wounded.
The bullfrog misses you.
You sock the bullfrog!
You kill the bullfrog!
Your Throwing skill increases to level 1!
No target in view!
You now have 283 gold pieces (gained 8). 2 orcs come into view.
Found 3 gold pieces.
The orc shouts! x3
The orc moves out of view.
An orc wizard comes into view. It is wielding a +0 dagger.
An orc comes into view. It is wielding a +0 short sword.
The orc shouts!
You hit the orc but do no damage.
Your weapon exudes an aura of protection.
The orc barely misses you.
You hit the orc but do no damage. The orc barely misses you.
You hit the orc but do no damage. The orc hits you with a +0 short sword.
The orc closely misses you. The orc hits you but does no damage. x2
You hit the orc.
The orc is almost dead.
The orc barely misses you.
You sock the orc!
You kill the orc!
You hit the orc but do no damage.
The orc is almost dead.
The orc hits you but does no damage.
You hit the orc.
You kill the orc!
You hit the orc.
The orc is heavily wounded.
The orc barely misses you.
You hit the orc.
The orc is severely wounded.
The orc closely misses you.
You thump the orc!
You kill the orc!
You hit the orc wizard.
The orc wizard is lightly wounded.
The orc wizard hits you with a +0 dagger.
You hit the orc wizard but do no damage.
The orc wizard is lightly wounded.
The orc wizard hits you but does no damage.
You hit the orc wizard.
The orc wizard is heavily wounded.
The orc wizard hits you but does no damage. x2
You hit the orc wizard.
The orc wizard is severely wounded.
The orc wizard hits you but does no damage.
You sock the orc wizard!
You kill the orc wizard!
You hit the orc.
The orc is moderately wounded.
The orc hits you but does no damage.
You hit the orc.
The orc is severely wounded.
The orc closely misses you.
You completely miss the orc.
The orc is severely wounded.
The orc hits you but does no damage.
You hit the orc.
The orc is almost dead.
The orc closely misses you.
You barely miss the orc.
The orc is severely wounded.
The orc barely misses you.
You sock the orc!
You kill the orc!
Items here: ))))) [[ ††.
E - a +0 chain mail
Found a leather armour.
You now have 286 gold pieces (gained 3).
Found an escape hatch in the floor.
You start removing your armour.
You continue taking off your +3 leather armour. x4
You finish taking off your +3 leather armour.
You start putting on your armour.
You continue putting on your +0 chain mail. x5
You finish putting on your +0 chain mail.
Okay, then.
You start removing your armour.
You continue taking off your +0 chain mail. x4
You finish taking off your +0 chain mail.
You start putting on your armour.
You continue putting on your +3 leather armour. x5
You finish putting on your +3 leather armour.
Found a blackened wooden wand.
Found a short sword.
Found a clear potion.
F - a wand of mindburst (14)
Found 2 scrolls labelled GOISUE ETECLUE.
Found 9 stones.
G - a clear potion
g - 18 stones (gained 7)
g - 20 stones (gained 2)
H - 2 scrolls labelled GOISUE ETECLUE A bullfrog comes into view.
A bullfrog is nearby!
The bullfrog croaks.
The bullfrog hits you but does no damage.
You hit the bullfrog.
Your weapon exudes an aura of protection.
The bullfrog is lightly wounded.
The bullfrog barely misses you.
You closely miss the bullfrog.
The bullfrog is lightly wounded.
The bullfrog hits you but does no damage. x2
You hit the bullfrog.
The bullfrog is moderately wounded.
The bullfrog hits you. The bullfrog barely misses you.
You closely miss the bullfrog.
The bullfrog is moderately wounded.
The bullfrog hits you.
You barely miss the bullfrog.
The bullfrog is moderately wounded.
The bullfrog hits you. The bullfrog barely misses you.
You sock the bullfrog!
The bullfrog is severely wounded.
The bullfrog completely misses you. x2
You hit the bullfrog.
The bullfrog is severely wounded.
The bullfrog barely misses you.
You sock the bullfrog!
You kill the bullfrog!
No target in view!
No target in view!
An orc wizard and an orc come into view.
The orc wizard shouts!
The orc completely misses you.
You hit the orc but do no damage.
Your weapon exudes an aura of protection.
The orc misses you.
You sock the orc wizard!
The orc wizard is heavily wounded.
The orc wizard hits you but does no damage.
You hit the orc wizard.
The orc wizard is almost dead.
The orc wizard hits you with a +0 war axe.
You barely miss the orc wizard.
The orc wizard is almost dead.
The orc wizard closely misses you.
You hit the orc wizard.
You kill the orc wizard!
You hit the orc but do no damage. The orc hits you but does no damage.
You sock the orc!
You kill the orc!
No target in view!
No target in view!
No target in view!
You now have 299 gold pieces (gained 13).
Items here: )) [[ †.
Okay, then.
Found a dagger.
HP restored.
HP restored.
Found a basalt altar of Yredelemnul.
Found 8 gold pieces.
Found a stone staircase leading up.
Found a stone staircase leading up.
You now have 307 gold pieces (gained 8).
There is a stone staircase leading up here.
You fly upwards.
The bullfrog gives a loud, deep croak!
Found three items.
There is a stone staircase leading down here.
You see here a ring of ice.
I - a ring of ice The bullfrog hits you but does no damage.
You thump the bullfrog!
Your weapon exudes an aura of protection.
The bullfrog is heavily wounded.
The bullfrog hits you.
You closely miss the bullfrog.
The bullfrog is heavily wounded.
The bullfrog hits you but does no damage.
The bullfrog hits you.
You sock the bullfrog!
The bullfrog is almost dead.
The bullfrog barely misses you. x2
You hit the bullfrog.
You kill the bullfrog!
No target in view!
No target in view!
You see here a bullfrog corpse.
You see here 5 poisoned darts.
J - 5 poisoned darts
v - 2 scrolls labelled CUETSAEB KAOM (gained 1)
There is a stone staircase leading down here.
You fly downwards.
There is a stone staircase leading up here.
As you read the scroll labelled ZIVIAT DIKOTIU, it crumbles to dust.
It is a scroll of identify.
f - 2 scrolls of amnesia
As you read the scroll of identify, it crumbles to dust.
s - 2 scrolls of enchant weapon
As you read the scroll of identify, it crumbles to dust.
v - 2 scrolls of teleportation
As you read the scroll of identify, it crumbles to dust.
m - 5 potions of attraction
Found a stone staircase leading down.
There is a stone staircase leading down here.
You fly downwards.
The lemure shouts! x2; The orc shouts!
The steam dragon hisses angrily.
You hear a shout! x2
There is a stone staircase leading up here.
Throw: 20 stones
Press: ? - help, Q - select action, (/) - cycle Shift-Dir - straight line, f - steam dragon
Aim: a steam dragon (haloed, 77% to hit)
You throw a stone. The stone hits the steam dragon.
The steam dragon is lightly wounded.
Pikel, Merchant of Souls comes into view.
He is wielding a +1 whip of freezing.
The steam dragon bites you. The steam dragon barely misses you.
You fly upwards.
There is a stone staircase leading down here.
You hit the steam dragon but do no damage.
Your weapon exudes an aura of protection.
The steam dragon is lightly wounded.
The steam dragon closely misses you.
The steam dragon claws you but does no damage.
You barely miss the steam dragon.
The steam dragon is lightly wounded.
The steam dragon barely misses you. The steam dragon misses you.
You hit the steam dragon but do no damage.
The steam dragon is lightly wounded.
The steam dragon bites you. The steam dragon barely misses you.
You hit the steam dragon.
The steam dragon is lightly wounded.
The steam dragon breathes steam at you. The ball of steam hits you!!
You hear a shout! x2
You hear a shout!
The steam dragon attacks as it pursues you!
The steam dragon bites you but does no damage.
The steam dragon barely misses you.
Hit: b) +1 mace (protect)
Press: ? - help, Dir - move target, f - steam dragon
Aim: a steam dragon (lightly wounded, haloed, about 19% to evade your +1 mace of protection)
You hit the steam dragon but do no damage.
The steam dragon is lightly wounded.
The steam dragon bites you but does no damage.
The steam dragon claws you but does no damage.
Hit: b) +1 mace (protect)
Press: ? - help, Dir - move target, f/p - steam dragon
Aim: a steam dragon (steam, lightly wounded, haloed, about 19% to evade your +1 mace of protection)
You thump the steam dragon!
The steam dragon is heavily wounded.
The steam dragon bites you but does no damage.
The steam dragon claws you but does no damage.
Hit: b) +1 mace (protect)
Press: ? - help, Dir - move target, f/p - steam dragon
Aim: a steam dragon (heavily wounded, haloed, about 19% to evade your +1 mace of protection)
You hit the steam dragon.
The steam dragon is severely wounded.
You are engulfed in a cloud of scalding steam.
* * * LOW HITPOINT WARNING * * *
The steam dragon bites you but does no damage.
The steam dragon closely misses you.
Hit: b) +1 mace (protect)
Press: ? - help, Dir - move target, f/p - steam dragon
Aim: a steam dragon (severely wounded, haloed, about 19% to evade your +1 mace of protection)
You hit the steam dragon.
The steam dragon is severely wounded.
The steam dragon bites you but does no damage.
The steam dragon misses you.
Hit: b) +1 mace (protect)
Press: ? - help, Dir - move target, f/p - steam dragon
Aim: a steam dragon (severely wounded, haloed, about 19% to evade your +1 mace of protection)
You hit the steam dragon.
The steam dragon is almost dead.
The steam dragon bites you but does no damage.
The steam dragon closely misses you.
Hit: b) +1 mace (protect)
Press: ? - help, Dir - move target, f/p - steam dragon
Aim: a steam dragon (almost dead, haloed, about 19% to evade your +1 mace of protection)
You hit the steam dragon.
The steam dragon is almost dead.
The steam dragon closely misses you. x2
The steam dragon breathes steam at you. The ball of steam hits you!!
You die...

.# ##.# .# #..##
##.# ###.#. ...
#.._. ... ##.#.#
#.# ##..#.# # #.#
......#
#.##.#######
.###..##
#..@........ .#
#...####.
####D######
.###...<....# #.#
...<...###### #.#
#####.###########.#
#.............#
###############


You could see a steam dragon (catching breath).

Vanquished Creatures
  Grinder (D:5)
  A water moccasin (D:6)
  An orc warrior (D:5)
  An ice beast (D:4)
  A sky beast (D:5)
  An ogre (D:5)
  A black bear (D:4)
  A centaur (D:5)
  2 phantoms (D:5)
  4 bullfrogs
  2 scorpions (D:4)
  A howler monkey (D:6)
  A bombardier beetle (D:6)
  2 jellies (D:5)
  2 orc priests
  A gnoll bouda (D:4)
  2 hounds
  3 iguanas
  3 orc wizards
  5 adders
  5 gnolls
  A white imp (D:3)
  A dart slug (D:4)
  19 orcs
  7 ball pythons
  3 bats
  4 endoplasms
  2 giant cockroaches
  4 goblins
  2 hobgoblins
  A quokka (D:3)
  A frilled lizard (D:1)
  3 goblin skeletons (D:3)
  2 hobgoblin zombies (D:3)
  9 kobolds
  3 kobold skeletons (D:3)
  A kobold zombie (D:3)
  3 rats
107 creatures vanquished.

Notes
Turn   | Place    | Note
-------+----------+-------------------------------------------
     0 | D:1      | jagoly the Gargoyle Monk began the quest for the Orb.
     0 | D:1      | Reached XP level 1. HP: 14/14 MP: 1/1
    17 | D:2      | Reached skill level 3 in Axes
    17 | D:2      | Reached XP level 2. HP: 4/19 MP: 2/2
    89 | D:1      | Reached skill level 1 in Stealth
   208 | D:1      | Reached XP level 3. HP: 23/23 MP: 3/3
   426 | D:2      | Reached skill level 1 in Armour
   426 | D:2      | Reached XP level 4. HP: 26/29 MP: 4/4
   492 | D:3      | Found a glowing golden altar of the Shining One.
   509 | D:3      | Became a worshipper of the Shining One
   509 | D:3      | Reached * piety under the Shining One
   509 | D:3      | Reached ** piety under the Shining One
   517 | D:3      | Noticed a black bear
   585 | D:4      | Noticed a scorpion
   592 | D:4      | Killed a scorpion
   593 | D:4      | Reached XP level 5. HP: 33/33 MP: 5/5
   607 | D:4      | Reached skill level 4 in Axes
   659 | D:5      | Entered Level 5 of the Dungeon
   678 | D:4      | Reached XP level 6. HP: 32/39 MP: 6/6
   681 | D:4      | Found a sparkling altar of Nemelex Xobeh.
   776 | D:4      | Noticed a black bear
   800 | D:4      | Killed a black bear
   974 | D:4      | Reached skill level 5 in Axes
  1072 | D:4      | Found a staircase to the Ecumenical Temple.
  1112 | D:5      | Reached XP level 7. HP: 44/44 MP: 7/7
  1150 | D:5      | Reached skill level 5 in Fighting
  1315 | D:5      | Reached skill level 6 in Axes
  1354 | D:5      | Reached XP level 8. HP: 36/50 MP: 8/8
  1381 | D:5      | Found an iron altar of Okawaru.
  1480 | D:5      | Noticed Grinder
  1757 | D:5      | Reached skill level 7 in Axes
  1913 | D:5      | Paralysed by Grinder for 2 turns
  1930 | D:5      | Killed Grinder
  1931 | D:5      | Reached skill level 8 in Axes
  2005 | D:6      | Reached XP level 9. HP: 49/55 MP: 9/9
  2010 | D:6      | Reached *** piety under the Shining One
  2084 | D:7      | Reached skill level 1 in Throwing
  2265 | D:7      | Found a basalt altar of Yredelemnul.
  2336 | D:8      | Noticed Pikel
  2349 | D:7      | Killed from afar by a steam dragon

Illustrated notes

Levels and vault maps discovered:
D:1:      nzn_arrival_water_spiral, layout_basic,
          chequers_serial_rivers_micro_e, minmay_split_cup_small
D:2:      layout_rooms, shapermc_ecumenical_altar_hornbeckon, st_stairs_2
D:3:      layout_loops_ring, palyth_temple_overflow_mages,
          nicolae_tso_besieged_by_evil, serial_shops,
          nicolae_shop_pleasant_corner_grove
D:4:      kennysheep_big_flooded_room, layout_basic,
          mainiacjoe_overflow_chevrons, minmay_temple_entry_nine_rooms,
          kennysheep_crisscross, minivault_5
D:5:      layout_cave_pods, overflow_temple_1_default,
          kennysheep_generic_room_9, uniq_grinder
D:6:      layout_layer_cave, uniq_duvessa, uniq_maggie, uniq_blork_the_orc,
          uniq_eustachio
D:7:      layout_loops_ring, lemuel_crystal_altar, uniq_joseph
D:8:      layout_cave_pools, ebering_ghost_reflecting_pool, uniq_pikel,
          uniq_maurice

Skill      XL: |  1  2  3  4  5  6  7  8  9 |
---------------+----------------------------+-----
Axes           | 3 4 5 6 8 |  8.7
Stealth        | 1 2 |  2.0
Armour         | 1 2 3 4 |  4.3
Fighting       | 4 5 6 |  6.2
Dodging        | 3 |  3.2
Throwing       | 1 |  1.6

Action                     |  1- 3 |  4- 6 |  7- 9 || total
---------------------------+-------+-------+-------++-------
  Melee: Hand axe          |    47 |       |       ||    47
         Mace              |    27 |   149 |   234 ||   410
  Throw: Stone             |       |     2 |    15 ||    17
         Dart              |       |       |     3 ||     3
    Use: Potion            |       |     1 |       ||     1
         Scroll            |       |       |     4 ||     4
 Armour: Robe              |    16 |       |       ||    16
         Ring mail         |    30 |    64 |       ||    94
         Leather armour    |       |    51 |   202 ||   253
  Dodge: Dodged            |    48 |   119 |   131 ||   298
